 Dungeon Crawl Stone Soup version 0.26-a0-812-g31a745ddcd (webtiles) character file.

Game seed: 7082511436162122264

16544 robertstho the Frost Mage (level 12, 0/91 HPs)
             Began as a Gnoll Ice Elementalist on Nov 13, 2020.
             Was a High Priest of Vehumet.
             Slain by Jorgrun
             ... wielding a +0 vorpal quarterstaff
              (3 damage)
             ... on level 13 of the Dungeon.
             The game lasted 00:30:21 (12593 turns).

robertstho the Frost Mage (Gnoll Ice Elementalist) Turns: 12593, Time: 00:30:23

Health: 0/91       AC: 10    Str: 17    XL:     12   Next: 38%
Magic:  10/24      EV: 15    Int: 21    God:    Vehumet [*****.]
Gold:   803        SH:  0    Dex: 17    Spells: 7/28 levels left

rFire    + . .     SeeInvis +   I - +5 trident (pain)
rCold    . . .     Faith    .   (no shield)
rNeg     + . .     Spirit   .   M - +1 robe of the Hart {*Drain rF+ rN+}
rPois    +         Reflect  .   K - +1 hat
rElec    .         Harm     .   f - +0 cloak {rPois}
rCorr    .         Rampage  .   t - +0 pair of gloves
MR       .....                  A - +2 pair of boots {Fly}
Stlth    ++++......             C - amulet of regeneration
HPRegen  0.65/turn              y - ring of see invisible
MPRegen  0.19/turn              L - +6 ring of strength

@: grasped by roots, flying, constricted
A: distributed training, fangs 1, strong nose
a: Renounce Religion, Stop Flying


You were on level 13 of the Dungeon.
You worshipped Vehumet.
Vehumet was extremely pleased with you.
You visited 1 branch of the dungeon, and saw 13 of its levels.

You collected 803 gold pieces.

Inventory:

Hand Weapons
 h - a +5 vampiric dagger
 r - a +1 whip of electrocution
 I - a +5 trident of pain (weapon)
 J - the +3 dagger "Xizug" {holy, rElec rN+ Int-4 Dex+5}
   (You took it off an orc on level 9 of the Dungeon)

   It has been blessed by the Shining One to cause great damage to the undead
   and demons.
   It affects your intelligence (-4).
   It affects your dexterity (+5).
   It insulates you from electricity.
   It protects you from negative energy.
Missiles
 c - 44 poisoned darts (quivered)
 H - 3 throwing nets
Armour
 f - a +0 cloak of poison resistance (worn)
 n - a +0 cloak of magic resistance
 t - a +0 pair of gloves (worn)
 A - a +2 pair of boots of flying (worn)
 K - a +1 hat (worn)
 M - the +1 robe of the Hart (worn) {*Drain rF+ rN+}
   (You found it on level 10 of the Dungeon)

   It protects you from fire.
   It protects you from negative energy.
   It causes draining when unequipped.
 O - a +2 robe of magic resistance
Jewellery
 a - an uncursed amulet of reflection {unknown}
 l - a +4 ring of evasion
 y - a ring of see invisible (left hand)
 C - an amulet of regeneration (around neck)
 L - a +6 ring of strength (right hand)
 P - an uncursed ring of ice {unknown}
Wands
 b - a wand of disintegration (4)
 g - a wand of random effects (14)
 u - a wand of paralysis (8)
 B - a wand of flame (12)
 Q - a wand of enslavement (8)
Scrolls
 e - a scroll of vulnerability {unknown}
 k - 3 scrolls of magic mapping {unknown}
 m - a scroll of blinking {unknown}
 p - 3 scrolls of noise {unknown}
 s - 4 scrolls of fog {unknown}
 v - 10 scrolls of remove curse
 x - 4 scrolls of enchant armour {unknown}
 z - 2 scrolls of teleportation
 G - 2 scrolls of fear {unknown}
 N - a scroll of random uselessness {unknown}
Potions
 d - 2 potions of haste
 j - 2 potions of ambrosia {unknown}
 o - 2 potions of degeneration {unknown}
 q - a potion of lignification
 w - 2 potions of might {unknown}
 D - 4 potions of heal wounds {unknown}
 E - a potion of cancellation
 F - 2 potions of brilliance


   Skills:
 + Level 7.2 Fighting
 + Level 7.2 Short Blades
 + Level 7.2 Long Blades
 + Level 7.2 Axes
 + Level 7.2 Maces & Flails
 + Level 7.2 Polearms
 + Level 7.2 Staves
 + Level 7.2 Slings
 + Level 7.2 Bows
 + Level 7.2 Crossbows
 + Level 7.2 Throwing
 + Level 7.2 Armour
 + Level 8.6 Dodging
 + Level 8.4 Stealth
 + Level 7.2 Shields
 + Level 7.2 Unarmed Combat
 + Level 8.9 Spellcasting
 + Level 6.0 Conjurations
 + Level 6.0 Hexes
 + Level 6.0 Summonings
 + Level 6.0 Necromancy
 + Level 6.0 Translocations
 + Level 6.0 Transmutations
 + Level 6.0 Fire Magic
 + Level 9.4 Ice Magic
 + Level 6.0 Air Magic
 + Level 6.0 Earth Magic
 + Level 6.0 Poison Magic
 + Level 7.9 Invocations
 + Level 7.2 Evocations


You had 7 spell levels left.
You knew the following spells:

 Your Spells              Type           Power        Failure   Level
a - Freeze                Ice            ####         1%          1
b - Frozen Ramparts       Ice            #####.       1%          3
c - Ozocubu's Armour      Ice            #####...     1%          3
d - Hailstorm             Conj/Ice       #####...     1%          4
e - Summon Ice Beast      Ice/Summ       #####...     3%          4
f - Foxfire               Conj/Fire      ####         1%          1
g - Irradiate             Conj/Tmut      ####......   4%          5

Your spell library contained the following spells:

 Spells                   Type           Power        Failure   Level
 Iskenderun's Battlesphe  Conj           ####....     4%          5
 Ice Form                 Ice/Tmut       #####...     3%          4
 Ozocubu's Refrigeration  Ice            #####.....   7%          6
 Metabolic Englaciation   Hex/Ice        #####.....   9%          5
 Freezing Cloud           Conj/Ice/Air   #####.....   16%         6
 Simulacrum               Ice/Necr       #####.....   43%         6


Dungeon Overview and Level Annotations

Branches:
Dungeon (13/15)            Temple (0/1) D:6            Lair (0/6) D:10
    Orc (0/2) D:12
 Vaults: D:13-14

Altars:
Ashenzari
Dithmenos
Elyvilon
Gozag
Makhleb
Nemelex Xobeh
Ru
Trog
Uskayaw
Vehumet
Wu Jian
Yredelemnul

Annotations:
D:13 Jorgrun


Innate Abilities, Weirdness & Mutations

Your experience applies equally to all skills.
You have very sharp teeth.
Your uncanny sense of smell can sniff out nearby items.


Message History

The bullfrog swells and bulges.
The bullfrog hits you but does no damage.
Evoke which item? (* to show all) (? for menu, Esc to quit)
Aiming: Disintegrate
Press: ? - help, Shift-Dir - straight line, f/p - Jorgrun
Aim: Jorgrun, wielding a +0 vorpal quarterstaff and wearing a +0 robe (heavily wounded, chance to defeat MR: 13%) Jorgrun resists with almost no effort.
The bullfrog is no longer moving slowly.
Your ice beast hits Jorgrun but does no damage.
Your ice beast closely misses Jorgrun.
Your ice beast barely misses Jorgrun.
The bullfrog hits you.
* * * LOW HITPOINT WARNING * * *
Evoke which item? (* to show all) (? for menu, Esc to quit)
Aiming: Disintegrate
Press: ? - help, Shift-Dir - straight line, f/p - Jorgrun
Aim: Jorgrun, wielding a +0 vorpal quarterstaff and wearing a +0 robe (heavily wounded, chance to defeat MR: 13%) Jorgrun resists with almost no effort.
Jorgrun hits you with a +0 vorpal quarterstaff!
* * * LOW HITPOINT WARNING * * *
You die...

.. #+.# #.#.#
#.. .##
####.##.##
#......#.##
#......).^#
#....YY##..#.
#....@g....'..
#....YF.####....
#......## ...
#......# ##
####.### .. ##


You could see Jorgrun, a bullfrog and 3 friendly ice beasts.

Vanquished Creatures
  Rupert (D:12)
  Josephine (D:13)
  An unseen horror (D:12)
  Maurice (D:12)
  Psyche (D:11)
  5 trolls
  A hornet (D:8)
  Prince Ribbit (D:7)
  Sigmund (D:2)
  3 wraiths (D:13)
  A wyvern (D:11)
  A human (D:10)
  12 yaks
  3 hogs (D:10)
  A basilisk (D:11)
  Edmund (D:5)
  A soldier ant (D:12)
  2 swamp worms (D:9)
  Duvessa (D:7)
  3 ice beasts
  A black bear (D:8)
  4 ogres
  3 orc warriors
  7 sky beasts
  An eye of draining (D:11)
  A necrophage (D:10)
  4 centaurs
  A wolf (D:8)
  2 big kobolds
  Blork the orc (D:5)
  8 bullfrogs
  3 gnoll sergeants
  A wyvern zombie (D:12)
  Dowan (D:7)
  3 scorpions
  7 killer bees (D:7)
  6 wights
  3 spriggan skeletons (D:12)
  3 howler monkeys (D:7)
  2 bullfrog zombies
  A centaur zombie (D:7)
  3 jellies
  Crazy Yiuf (D:3)
  4 orc priests
  A bullfrog skeleton (D:11)
  7 hounds
  9 orc wizards
  A centaur skeleton (D:8)
  2 iguanas
  4 gnoll shamans
  Terence (D:3)
  Ijyb (D:3)
  9 worker ants
  2 hound zombies
  A hound skeleton (D:5)
  A worker ant zombie (D:7)
  28 gnolls
  10 adders
  A howler monkey skeleton (D:6)
  A white imp (D:4)
  An ufetubus (D:10)
  3 oozes
  2 adder skeletons (D:5)
  5 worms
  2 dart slugs (D:3)
  5 leopard geckos
  56 orcs
  3 ball pythons
  A giant cockroach (D:2)
  5 hobgoblins
  12 jackals
  4 quokkas
  10 bats
  A frilled lizard (D:3)
  5 goblins
  18 kobolds
  5 rats
330 creatures vanquished.

Vanquished Creatures (collateral kills)
  Harold (D:9)
  A two-headed ogre (D:9)
  The ghost of zarzak the Shield-Bearer, a novice OpFi of the Shining One (D:6)
  A wyvern (D:10)
  A wraith (D:13)
  A black bear (D:11)
  An ice beast (D:9)
  An ogre (D:11)
  3 centaurs (D:11)
  A wyvern skeleton (D:6)
  A troll skeleton (D:12)
  3 wights (D:7)
  2 spriggan skeletons (D:12)
  A jelly (D:11)
  4 electric eels (D:10)
  A bullfrog zombie (D:10)
  A centaur skeleton (D:7)
  A worker ant (D:7)
  A worker ant zombie (D:5)
  3 gnolls
  An adder (D:7)
  A white imp (D:8)
  An ufetubus (D:9)
  5 orcs
  A leopard gecko zombie (D:5)
39 creatures vanquished.

Vanquished Creatures (others)
  5 foxfires (D:6)
  15 plants
20 creatures vanquished.

Grand Total: 389 creatures vanquished

Notes
Turn   | Place    | Note
-------+----------+-------------------------------------------
     0 | D:1      | robertstho the Gnoll Ice Elementalist began the quest for
                  | the Orb.
     0 | D:1      | Reached XP level 1. HP: 13/13 MP: 6/6
   200 | D:1      | Reached XP level 2. HP: 19/19 MP: 7/7
   705 | D:2      | Reached XP level 3. HP: 25/25 MP: 9/9
   763 | D:2      | Reached skill level 5 in Spellcasting
   789 | D:2      | Found a white marble altar of Elyvilon.
   953 | D:2      | Reached skill level 1 in Invocations
   972 | D:2      | Noticed Sigmund
   981 | D:2      | Killed Sigmund
   981 | D:2      | Reached skill level 1 in Fighting
   981 | D:2      | Reached skill level 1 in Short Blades
   981 | D:2      | Reached skill level 1 in Long Blades
   981 | D:2      | Reached skill level 1 in Axes
   981 | D:2      | Reached skill level 1 in Maces & Flails
   981 | D:2      | Reached skill level 1 in Polearms
   981 | D:2      | Reached skill level 1 in Staves
   981 | D:2      | Reached skill level 1 in Slings
   981 | D:2      | Reached skill level 1 in Bows
   981 | D:2      | Reached skill level 1 in Crossbows
   981 | D:2      | Reached skill level 1 in Throwing
   981 | D:2      | Reached skill level 1 in Armour
   981 | D:2      | Reached skill level 1 in Shields
   981 | D:2      | Reached skill level 1 in Unarmed Combat
   981 | D:2      | Reached skill level 1 in Conjurations
   981 | D:2      | Reached skill level 1 in Hexes
   981 | D:2      | Reached skill level 1 in Summonings
   981 | D:2      | Reached skill level 1 in Necromancy
   981 | D:2      | Reached skill level 1 in Translocations
   981 | D:2      | Reached skill level 1 in Transmutations
   981 | D:2      | Reached skill level 1 in Fire Magic
   981 | D:2      | Reached skill level 1 in Air Magic
   981 | D:2      | Reached skill level 1 in Earth Magic
   981 | D:2      | Reached skill level 1 in Poison Magic
   981 | D:2      | Reached skill level 1 in Evocations
   981 | D:2      | Reached XP level 4. HP: 19/32 MP: 4/11
   981 | D:2      | Reached XP level 5. HP: 22/37 MP: 4/12
  1170 | D:2      | Found a sacrificial altar of Ru.
  1184 | D:2      | Reached XP level 6. HP: 41/44 MP: 10/13
  1591 | D:2      | Learned a level 3 spell: Frozen Ramparts
  1595 | D:2      | Learned a level 3 spell: Ozocubu's Armour
  1600 | D:2      | Learned a level 4 spell: Hailstorm
  1605 | D:2      | Learned a level 4 spell: Summon Ice Beast
  2039 | D:3      | Found a bloodstained altar of Trog.
  2039 | D:3      | Noticed Ijyb
  2040 | D:3      | Found a broken altar of Ashenzari.
  2047 | D:3      | Killed Ijyb
  2052 | D:3      | Found a radiant altar of Vehumet.
  2066 | D:3      | Found a burning altar of Makhleb.
  2072 | D:3      | Became a worshipper of Vehumet
  2140 | D:3      | Reached skill level 5 in Dodging
  2151 | D:3      | Reached XP level 7. HP: 13/50 MP: 3/15
  2461 | D:3      | Found a runed translucent door.
  2462 | D:3      | Noticed Crazy Yiuf
  2485 | D:3      | Noticed Terence
  2500 | D:3      | Killed Terence
  2927 | D:3      | Killed Crazy Yiuf
  3496 | D:4      | Found an ornate altar of the Wu Jian Council.
  3946 | D:5      | Entered Level 5 of the Dungeon
  4011 | D:5      | Noticed a yak
  4027 | D:5      | Reached skill level 5 in Stealth
  4227 | D:5      | Killed a yak
  4227 | D:5      | Reached XP level 8. HP: 58/58 MP: 9/16
  4362 | D:5      | Reached * piety under Vehumet
  4362 | D:5      | Offered knowledge of Foxfire by Vehumet.
  4525 | D:5      | Noticed Edmund
  4541 | D:5      | Killed Edmund
  4711 | D:5      | Learned a level 1 spell: Foxfire
  4735 | D:5      | Noticed Blork the orc
  4753 | D:5      | Killed Blork the orc
  5099 | D:5      | Found a sparkling altar of Nemelex Xobeh.
  5099 | D:5      | Found an opulent altar of Gozag.
  5266 | D:6      | Reached XP level 9. HP: 65/65 MP: 14/18
  5305 | D:6      | Found a staircase to the Ecumenical Temple.
  5612 | D:6      | Reached ** piety under Vehumet
  5612 | D:6      | Offered knowledge of Shock by Vehumet.
  5840 | D:6      | Reached skill level 8 in Ice Magic
  5843 | D:6      | Found a runed translucent door.
  5843 | D:6      | Noticed zarzak's ghost (novice OpFi)
  6090 | D:6      | Killed zarzak's ghost
  6251 | D:7      | Noticed Duvessa
  6251 | D:7      | Noticed Dowan
  6261 | D:7      | Killed Duvessa
  6261 | D:7      | Noticed Prince Ribbit
  6268 | D:7      | Reached skill level 5 in Invocations
  6269 | D:7      | Killed Dowan
  6277 | D:7      | Killed Prince Ribbit
  6293 | D:7      | Reached XP level 10. HP: 55/73 MP: 17/20
  6296 | D:7      | Offered knowledge of Conjure Flame by Vehumet.
  6431 | D:7      | Found a shadowy altar of Dithmenos.
  6462 | D:7      | Reached *** piety under Vehumet
  6524 | D:7      | Reached skill level 5 in Fighting
  6524 | D:7      | Reached skill level 5 in Short Blades
  6524 | D:7      | Reached skill level 5 in Long Blades
  6524 | D:7      | Reached skill level 5 in Axes
  6524 | D:7      | Reached skill level 5 in Maces & Flails
  6524 | D:7      | Reached skill level 5 in Polearms
  6524 | D:7      | Reached skill level 5 in Staves
  6524 | D:7      | Reached skill level 5 in Slings
  6524 | D:7      | Reached skill level 5 in Bows
  6524 | D:7      | Reached skill level 5 in Crossbows
  6524 | D:7      | Reached skill level 5 in Throwing
  6524 | D:7      | Reached skill level 5 in Armour
  6524 | D:7      | Reached skill level 5 in Shields
  6524 | D:7      | Reached skill level 5 in Unarmed Combat
  6524 | D:7      | Reached skill level 5 in Evocations
  6651 | D:7      | Offered knowledge of Sticky Flame by Vehumet.
  7329 | D:8      | Reached **** piety under Vehumet
  7405 | D:8      | Offered knowledge of Stone Arrow by Vehumet.
  7580 | D:8      | Found a hide-covered altar of Uskayaw.
  7580 | D:8      | Found a basalt altar of Yredelemnul.
  8200 | D:9      | Noticed Harold
  8217 | D:9      | Killed Harold
  8605 | D:9      | Identified the +3 dagger "Xizug" {holy, rElec rN+ Int-4
                  | Dex+5}
  8606 | D:9      | Noticed a two-headed ogre
  8613 | D:9      | Reached XP level 11. HP: 81/81 MP: 16/22
  8623 | D:9      | Killed a two-headed ogre
  9082 | D:10     | Entered Level 10 of the Dungeon
  9305 | D:10     | Reached skill level 5 in Conjurations
  9305 | D:10     | Reached skill level 5 in Hexes
  9305 | D:10     | Reached skill level 5 in Summonings
  9305 | D:10     | Reached skill level 5 in Necromancy
  9305 | D:10     | Reached skill level 5 in Translocations
  9305 | D:10     | Reached skill level 5 in Transmutations
  9305 | D:10     | Reached skill level 5 in Fire Magic
  9305 | D:10     | Reached skill level 5 in Air Magic
  9305 | D:10     | Reached skill level 5 in Earth Magic
  9305 | D:10     | Reached skill level 5 in Poison Magic
  9777 | D:10     | Got a crude robe
  9787 | D:10     | Identified the +1 robe of the Hart {*Drain rF+ rN+} (You
                  | found it on level 10 of the Dungeon)
  9849 | D:10     | Found a staircase to the Lair.
  9947 | D:10     | Reached ***** piety under Vehumet
  9947 | D:10     | Offered knowledge of Irradiate by Vehumet.
 10373 | D:11     | Reached skill level 9 in Ice Magic
 10379 | D:11     | HP: 2/83 [centaur/arrow (16)]
 11183 | D:11     | Noticed Psyche
 11195 | D:11     | Killed Psyche
 11334 | D:12     | Learned a level 5 spell: Irradiate
 11524 | D:12     | Noticed Rupert
 11526 | D:12     | Paralysed by Rupert for 7 turns
 11742 | D:12     | Killed Rupert
 11742 | D:12     | Reached XP level 12. HP: 91/91 MP: 8/24
 11837 | D:12     | Noticed Maurice
 11879 | D:12     | Killed Maurice
 12006 | D:12     | Offered knowledge of Iskenderun's Battlesphere by Vehumet.
 12530 | D:12     | Found a staircase to the Orcish Mines.
 12556 | D:13     | Noticed Josephine
 12570 | D:13     | Killed Josephine
 12579 | D:13     | Noticed Jorgrun
 12593 | D:13     | HP: 3/91 [Jorgrun/+0 vorpal quarterstaff (16)]
 12593 | D:13     | Slain by Jorgrun

Illustrated notes

Levels and vault maps discovered:
D:1:      kennysheep_arrival_forest, layout_rooms
D:2:      cheibrodos_old_hovel, layout_basic, elyvilon_altar_1,
          nicolae_ru_great_annihilating_truth, uniq_sigmund
D:3:      minmay_diamond_boxcup, layout_rooms, grunt_temple_overflow_cloverleaf,
          uniq_crazy_yiuf_cottage, uniq_terence, uniq_ijyb
D:4:      layout_loops_cross, kennysheep_little_box
D:5:      layout_loops_ring, grunt_temple_overflow_opulence,
          minmay_chambers_of_fives, uniq_edmund, uniq_blork_the_orc
D:6:      layout_basic, minmay_temple_entry_gardened_gates,
          hellmonk_ghost_happy_afterlife
D:7:      minmay_angry_zag, layout_rooms, kennysheep_mini_moat, uniq_duvessa,
          uniq_prince_ribbit1
D:8:      layout_cave_pods, gammafunk_temple_overflow_pools, serial_gnoll_camp,
          gnoll_camp_mini_basic, gnoll_camp_huts_basic,
          gnoll_camp_mini_loothouse, gnoll_camp_mini_hut
D:9:      layout_layer_cave, worms_lemuel, uniq_harold
D:10:     layout_basic, dpeg_oklobed_lair, grunt_livestock
D:11:     layout_basic, st_stairs_4, uniq_psyche
D:12:     layout_gridville, hiddenorc1_lemuel, hangedman_decor_slide_cut,
          hangedman_tell_no_tales, uniq_maurice, uniq_rupert
D:13:     layout_roguey, ebering_ghost_inner_flame, minmay_holes,
          grunt_potential, uniq_josephine, uniq_nessos, uniq_jorgrun

Skill      XL: |  1  2  3  4  5  6  7  8  9 10 11 12 |
---------------+-------------------------------------+-----
Spellcasting   | 5 6 7 8 |  8.9
Invocations    | 1 2 3 4 5 6 7 |  7.9
Fighting       | 1 2 3 4 5 7 |  7.2
Short Blades   | 1 2 3 4 5 7 |  7.2
Long Blades    | 1 2 3 4 5 7 |  7.2
Axes           | 1 2 3 4 5 7 |  7.2
Maces & Flails | 1 2 3 4 5 7 |  7.2
Polearms       | 1 2 3 4 5 7 |  7.2
Staves         | 1 2 3 4 5 7 |  7.2
Slings         | 1 2 3 4 5 7 |  7.2
Bows           | 1 2 3 4 5 7 |  7.2
Crossbows      | 1 2 3 4 5 7 |  7.2
Throwing       | 1 2 3 4 5 7 |  7.2
Armour         | 1 2 3 4 5 7 |  7.2
Shields        | 1 2 3 4 5 7 |  7.2
Unarmed Combat | 1 2 3 4 5 7 |  7.2
Conjurations   | 1 2 3 4 5 6 |  6.0
Hexes          | 1 2 3 4 5 6 |  6.0
Summonings     | 1 2 3 4 5 6 |  6.0
Necromancy     | 1 2 3 4 5 6 |  6.0
Translocations | 1 2 3 4 5 6 |  6.0
Transmutations | 1 2 3 4 5 6 |  6.0
Fire Magic     | 1 2 3 4 5 6 |  6.0
Air Magic      | 1 2 3 4 5 6 |  6.0
Earth Magic    | 1 2 3 4 5 6 |  6.0
Poison Magic   | 1 2 3 4 5 6 |  6.0
Evocations     | 1 2 3 4 5 7 |  7.2
Dodging        | 5 6 7 8 |  8.6
Stealth        | 5 6 7 8 |  8.4
Ice Magic      | 8 9 |  9.4

Action                   |  1- 3 |  4- 6 |  7- 9 | 10-12 || total
-------------------------+-------+-------+-------+-------++-------
Melee: Unarmed           |     8 |       |       |       ||     8
       Whip              |    44 |     9 |    83 |    58 ||   194
       Bite              |     8 |     2 |    10 |    32 ||    52
       War axe           |       |    20 |       |       ||    20
       Punch             |       |       |     2 |     6 ||     8
       Trident           |       |       |       |   210 ||   210
 Cast: Freeze            |    16 |    11 |    16 |     4 ||    47
       Frozen Ramparts   |       |     8 |    43 |    67 ||   118
       Summon Ice Beast  |       |     4 |     7 |    61 ||    72
       Foxfire           |       |       |     3 |       ||     3
       Hailstorm         |       |       |       |     6 ||     6
       Irradiate         |       |       |       |    10 ||    10
Evoke: Wand              |       |     4 |     2 |     6 ||    12
  Use: Scroll            |       |     5 |     5 |     3 ||    13
       Potion            |       |     1 |       |     5 ||     6
 Stab: Sleeping          |     9 |     1 |     1 |     5 ||    16
       Paralysed         |       |     1 |       |       ||     1
       Distracted        |       |       |       |     4 ||     4
Armor: Robe              |    15 |     7 |    14 |    63 ||    99
       Skin              |       |     7 |       |       ||     7
Dodge: Dodged            |    50 |    39 |    88 |   321 ||   498

Table legend: (Time is in decaauts)
 A = Elapsed time spent in this place.
 B = Non-inter-level travel time spent in this place.
 C = Inter-level travel time spent in this place.
 D = Time resting spent in this place.
 E = Time spent auto-exploring this place.
 F = Levels seen in this place.
 G = Mean time per level.
                   A        B        C        D        E       F      G
               +--------+--------+--------+--------+--------+-----+--------+
         Total |  12594 |  12055 |    539 |    905 |   8401 |  13 |  968.8 |
       Dungeon |  12594 |  12055 |    539 |    905 |   8401 |  13 |  968.8 |
               +--------+--------+--------+--------+--------+-----+--------+

Top non-repeatable levels by time:
     D:3: 1641 daAuts
     D:5: 1266 daAuts
    D:12: 1235 daAuts
    D:10: 1185 daAuts
     D:8: 1180 daAuts
     D:2: 1100 daAuts
     D:6: 1034 daAuts
     D:9: 988 daAuts
    D:11: 972 daAuts
     D:4: 773 daAuts
     D:7: 739 daAuts
     D:1: 440 daAuts
    D:13: 35 daAuts
